AoeStats
← Tech.Cat

Arabia

505384991Analyzed
2v2 RM · 24d ago on Sep 9, 2026· 48m 10s· 4 players
Game mode
Random Map
Map size
Medium (4 player)
Population
200
Speed
Normal
Resources
Standard
Victory
Conquest
Starting age
Dark Age
Ending age
Imperial Age
RankedLock teamsTeams togetherTeam positionsShared explorationLock speedFull tech treeHidden civsTurbo modeCheats
Victory
Defeat
🇺🇸 Lithuanians · United States
910
+15
🇺🇸 Huns · United States
900
+16
🇨🇦 Teutons · Canada
909
-16
🇨🇦 Inca · Canada
877
-15
Timber_Wolf
11:15 Feudal Age
9:31 Loom
11:56 Double-Bit Axe
20:50 Castle Age
19:36 Horse Collar
20:44 Fletching
22:17 Bow Saw
21:38 Champi Runner
22:24 Padded Archer Armor
24:06 Scale Mail Armor
24:26 Heavy Plow
26:30 Wheelbarrow
26:10 Squires
26:30 Pikeman
28:54 Gold Mining
30:07 Forging
30:13 Chain Mail Armor
31:41 Iron Casting
31:02 Bodkin Arrow
32:15 Hand Cart
31:45 Town Watch
31:30 Elite Skirmisher
32:32 Leather Archer Armor
32:53 Stone Mining
39:11 Imperial Age
36:05 Champi Warrior
38:34 Thumb Ring
38:53 Andean Sling
40:32 Conscription
40:48 Hoardings
39:39 Elite Champi Warrior
40:43 Halberdier
44:53 Conscription
Tech.Cat
6:37 Loom
11:55 Feudal Age
13:51 Double-Bit Axe
23:24 Castle Age
22:23 Forging
23:27 Horse Collar
27:49 Bloodlines
32:37 Scale Mail Armor
33:13 Iron Casting
38:07 Fletching
41:33 Imperial Age
41:53 Chain Mail Armor
45:59 Wheelbarrow
DRev2000
10:58 Feudal Age
9:53 Loom
13:11 Double-Bit Axe
16:17 Castle Age
16:10 Fletching
18:28 Bow Saw
19:07 Horse Collar
23:17 Scale Barding Armor
24:06 Wheelbarrow
24:37 Heavy Plow
24:52 Town Watch
26:09 Bodkin Arrow
26:52 Bloodlines
27:46 Padded Archer Armor
29:18 Hand Cart
29:39 Forging
29:46 Leather Archer Armor
31:57 Ballistics
31:48 Masonry
33:00 Gold Mining
33:14 Stone Mining
34:55 Husbandry
37:54 Imperial Age
34:50 Elite Skirmisher
36:54 Marauders
37:42 Chain Barding Armor
37:58 Iron Casting
37:23 Scale Mail Armor
38:30 Gold Shaft Mining
40:20 Conscription
39:21 Elite Tarkan
42:04 Blast Furnace
44:38 Plate Barding Armor
kimp
12:33 Feudal Age
12:58 Double-Bit Axe
12:54 Horse Collar
14:32 Loom
16:43 Bloodlines
17:29 Wheelbarrow
23:36 Castle Age
24:38 Bow Saw
24:29 Heavy Plow
25:47 Hand Cart
26:28 Gold Mining
26:30 Stone Mining
28:05 Husbandry
28:18 Forging
28:10 Scale Mail Armor
30:11 Squires
32:03 Stone Shaft Mining
38:49 Imperial Age
36:15 Man-at-Arms
37:49 Iron Casting
37:36 Chain Mail Armor
37:39 Long Swordsman
39:14 Two-Handed Swordsman
39:15 Pikeman
41:50 Two-Man Saw
41:27 Crop Rotation
41:50 Guilds
41:44 Caravan
41:47 Champion
43:41 Elite Leitis
44:33 Scale Barding Armor
44:28 Padded Archer Armor
44:32 Cavalier
Connection lost

Rejoining the realm…

Still unreachable

The connection could not be restored.

Session expired

The server has moved on; the page needs a fresh start.